Map: 2000 Atmospheres LE

Players

Wes

  • Race: Terran Terran
  • Spawn Location: 3:00

llllllllllll - Winner!

  • Race: Protoss Protoss
  • League: Master
  • Spawn Location: 7:00

VOD

Have the link to the VOD?

Description

Time

  • Played on: March 11, 2022, 6:06 p.m.
  • Length: 5:00
Show
View Real Time Build Order
Export as new Build Order

Wes Terran 

Build Orders:  

Get SALT Encoding   

  12  0:00  SCV  
  13  0:12  SCV  
  14  0:17  Supply Depot  
  14  0:24  SCV  
  15  0:38  SCV  
  15  0:40  Barracks  
  16  0:43  Refinery  
  16  0:50  SCV  
  17  1:02  SCV  
  18  1:14  SCV  
  19  1:27  Barracks Reactor, Orbital Command  
  19  1:41  Command Center  
  19  1:51  Supply Depot  
  19  1:53  SCV  
  20  2:04  Marine x2  
  20  2:05  Barracks x2  
  22  2:13  SCV  
  23  2:17  Bunker  
  23  2:18  Supply Depot  
  23  2:22  Marine x2  
  25  2:26  SCV  
  26  2:39  SCV  
  26  2:40  Marine x2  
  29  2:51  SCV  
  30  2:53  Refinery  
  30  2:54  Barracks Tech Lab  
  30  2:55  Marine  
  30  2:58  Marine x2  
  33  3:01  Bunker  
  33  3:08  Supply Depot  
  33  3:14  Marine  
  33  3:15  Marine x2  
  36  3:36  Marine x4  
  37  3:54  Marine  
  38  4:00  Marine x3  
  26  4:11  Marine  
  27  4:18  Marine x2  
  29  4:25  Marine  
Show
View Real Time Build Order
Export as new Build Order

llllllllllll Protoss - Winner!

Build Orders: Proxy Void Ray 

Get SALT Encoding   

  12  0:09  Pylon  
  12  0:13  Probe  
  13  0:25  Probe  
  14  0:30  Gateway  
  14  0:37  Probe  
  14  0:41  Assimilator  
  15  0:49  Probe  
  16  0:51  Assimilator  
  16  1:01  Probe  
  17  1:13  Probe  
  17  1:18  Cybernetics Core  
  18  1:24  Zealot  
  20  1:25  Probe  
  20  1:31  Pylon  
  21  1:38  Probe  
  22  1:53  Stalker (Chrono Boost)  
  22  1:58  Stargate  
  24  2:15  Stalker  
  26  2:32  Pylon  
  26  2:39  Void Ray (Chrono Boost)  
  30  2:50  Stalker  
  32  2:51  Shield Battery  
  32  2:54  Shield Battery  
  32  3:08  Void Ray (Chrono Boost)  
  36  3:16  Shield Battery  
  34  3:39  Void Ray (Chrono Boost)  
  34  3:40  Shield Battery  
  38  4:02  Shield Battery  
  38  4:03  Shield Battery  
  38  4:18  Shield Battery  
  38  4:27  Pylon  
Tags
 
Add a new tag
Caveats
  • Supply blocks, unpowered buildings, or Contaminate may cause inaccurate times.
  • Supply counts are checked every 10 seconds.